 Dungeon Crawl Stone Soup version 0.26-a0-259-g1effd001a9 (webtiles) character file.

Game seed: 16532106468847460471

306 vurker the Gusty (level 6, 0/50 HPs)
             Began as a Draconian Air Elementalist on July 15, 2020.
             Killed by nerve-wracking pain
             ... invoked by an orc priest
              (14 damage)
             ... on level 4 of the Dungeon.
             The game lasted 00:03:34 (4000 turns).

vurker the Gusty (Draconian Air Elementalist)       Turns: 4000, Time: 00:03:35

Health: 0/50       AC:  8    Str: 10    XL:     6   Next: 16%
Magic:  1/11       EV: 12    Int: 17    God:
Gold:   164        SH:  4    Dex: 12    Spells: 7/12 levels left

rFire    . . .     SeeInvis .   k - +1 dagger (venom)
rCold    . . .     Faith    .   j - +0 buckler
rNeg     . . .     Spirit   .   (armour unavailable)
rPois    .         Reflect  .   (helmet restricted)
rElec    .         Harm     .   (no cloak)
rCorr    .                      l - +0 pair of gloves
MR       .....                  o - +0 pair of boots
Stlth    ++........             (no amulet)
HPRegen  0.16/turn              (no ring)
MPRegen  0.12/turn              (no ring)

@: no status effects
A: unfitting armour, cold-blooded, AC +6
a: no special abilities


You were on level 4 of the Dungeon.
You were not hungry.

You visited 1 branch of the dungeon, and saw 4 of its levels.

You collected 164 gold pieces.

Inventory:

Hand Weapons
 k - a +1 dagger of venom (weapon)
   (You took it off a goblin on level 2 of the Dungeon)
Armour
 j - a +0 buckler (worn)
   (You found it on level 2 of the Dungeon)
 l - a +0 pair of gloves (worn)
   (You found it on level 2 of the Dungeon)
 o - a +0 pair of boots (worn)
   (You found it on level 3 of the Dungeon)
Magical Staves
 t - an uncursed staff of earth
   (You found it on level 3 of the Dungeon)
Jewellery
 r - an uncursed amulet of magic regeneration {unknown}
   (You found it on level 3 of the Dungeon)
Scrolls
 c - 2 scrolls of enchant weapon {unknown}
 d - 3 scrolls of immolation {unknown}
 f - a scroll of remove curse {unknown}
 g - a scroll of teleportation {unknown}
 h - 3 scrolls of identify {unknown}
 i - 2 scrolls of fear {unknown}
 q - a scroll of enchant armour {unknown}
Potions
 a - a potion of lignification {unknown}
 b - a potion of flight {unknown}
 m - a potion of degeneration {unknown}
 n - a potion of heal wounds {unknown}
 p - a potion of invisibility {unknown}
 s - a potion of cancellation {unknown}
 u - a potion of curing {unknown}
Comestibles
 e - 21 rations


   Skills:
 + Level 2.4 Fighting
 - Level 1.7 Dodging
 - Level 1.7 Stealth
 * Level 2.4 Shields
 * Level 3.6 Spellcasting
 - Level 1.0 Conjurations
 * Level 4.6 Air Magic


You had 7 spell levels left.
You knew the following spells:

 Your Spells              Type           Power        Failure   Level
a - Shock                 Conj/Air       ##..         6%          1
c - Airstrike             Air            ###.......   28%         4

Your spell library contained the following spells:

 Spells                   Type           Power        Failure   Level
 Swiftness                Chrm/Air       ##......     12%         2
 Animate Skeleton         Necr           #.....       19%         1
 Apportation              Tloc           #.....       19%         1
 Corona                   Hex            #......      19%         1
 Summon Small Mammal      Summ           #...         19%         1
 Static Discharge         Conj/Air       ##......     19%         3
 Lightning Bolt           Conj/Air       ##........   86%         5


Dungeon Overview and Level Annotations

Branches:
Dungeon (4/15)
 Temple: D:4-7

Altars:
Gozag
Xom
Zin


Innate Abilities, Weirdness & Mutations

Your plain brown scales are hard. (AC +6)
You cannot fit into any form of body armour.
You are cold-blooded and may be slowed by cold attacks.


Message History

You hit the ogre.
An orc priest comes into view. It is wielding a +0 trident.
The ogre hits you with a +0 giant club!
Aim: an ogre, wielding a +0 giant club (severely wounded)
The zap hits the ogre.
The ogre closely misses you.
Aim: an ogre, wielding a +0 giant club (severely wounded)
The zap hits the ogre.
The zap hits the orc priest.
The orc priest shouts!
You hear a shout!
The ogre completely misses you.
Aim: an ogre, wielding a +0 giant club (severely wounded)
The zap hits the ogre.
The zap hits the orc priest.
You hit the ogre.
The ogre is poisoned.
The ogre hits you with a +0 giant club!!
Ouch! That really hurt!
* * * LOW HITPOINT WARNING * * *
You barely miss the ogre. The ogre closely misses you.
You kill the ogre!
You have reached level 6!
Your experience leads to an increase in your attributes!
Increase (S)trength, (I)ntelligence, or (D)exterity?
You feel clever.
Your scales feel tougher.
Aim: an orc priest, wielding a +0 trident (heavily wounded)
The zap hits the orc priest.
Aim: an orc priest, wielding a +0 trident (heavily wounded)
The zap hits the orc priest.
An orc comes into view. It is wielding a +0 club.
The orc priest hits you but does no damage.
Unknown command.
An orc wizard comes into view. It is wielding a +0 dagger.
You block the orc priest's attack.
An orc comes into view. It is wielding a +0 hand axe.
You barely miss the orc priest.
The orc shouts! x2; You hear a shout! x2; The orc wizard shouts!
The orc priest hits you with a +0 trident.
* * * LOW HITPOINT WARNING * * *
You barely miss the orc priest.
An orc wizard comes into view. It is wielding a +0 dagger.
You hit the orc priest but do no damage.
The orc priest is poisoned.
The orc priest barely misses you.
You hit the orc priest.
The orc priest looks as sick as possible!
The orc wizard points at you and mumbles some strange words.
You resist with some effort.
The orc wizard mumbles some strange words.
The orc wizard seems to speed up.
The orc wizard casts a spell.
The orc wizard blinks!
The orc priest invokes the aid of Beogh against you.
Pain shoots through your body!
You die...

#.......# ###.#####
#.# #.# #.# #.# #.#
#.# #@# #.###
###o.)#########
##.oo...........
.........ยง.#######
.###:###..........
#o #.#.####... #.
#.#.# # #.#.#


You could see an orc priest (extremely poisoned), an orc wizard (fast) and 2
orcs.

Vanquished Creatures
  2 ogres (D:4)
  A worker ant (D:4)
  An adder (D:3)
  A gnoll (D:2)
  3 oozes
  3 worms
  2 dart slugs
  4 orcs
  4 giant cockroaches
  5 goblins
  10 hobgoblins
  4 jackals (D:2)
  6 kobolds
  2 quokkas
  4 bats
  4 frilled lizards
  6 rats
62 creatures vanquished.

Notes
Turn   | Place    | Note
-------+----------+-------------------------------------------
     0 | D:1      | vurker the Draconian Air Elementalist began the quest for
                  | the Orb.
     0 | D:1      | Reached XP level 1. HP: 14/14 MP: 3/3
   366 | D:1      | Reached XP level 2. HP: 22/22 MP: 1/5
  1198 | D:2      | Reached skill level 1 in Fighting
  1512 | D:2      | Reached XP level 3. HP: 28/28 MP: 3/6
  1911 | D:2      | Found a shimmering altar of Xom.
  2026 | D:2      | Found a glowing silver altar of Zin.
  2363 | D:3      | Reached XP level 4. HP: 35/35 MP: 1/8
  2590 | D:3      | Found an opulent altar of Gozag.
  2796 | D:3      | Reached skill level 1 in Shields
  3283 | D:3      | Reached skill level 4 in Air Magic
  3404 | D:3      | Learned a level 4 spell: Airstrike
  3885 | D:4      | Noticed an ogre
  3895 | D:4      | Killed an ogre
  3895 | D:4      | Reached XP level 5. HP: 41/41 MP: 2/10
  3976 | D:4      | Noticed an ogre
  3992 | D:4      | Killed an ogre
  3992 | D:4      | Reached XP level 6. HP: 17/50 MP: 2/11
  4000 | D:4      | Killed from afar by an orc priest

Illustrated notes

Levels and vault maps discovered:
D:1:      minmay_arrival_semitransparent, layout_basic
D:2:      layout_basic, lemuel_coloured_pillars_altar, grunt_ministairs_9,
          tgw_xom
D:3:      layout_basic, nicolae_gozag_cash_rules_everything_around_me,
          first_ration, hangedman_glass_garden, item_on_display_a
D:4:      layout_loops_ring, vehumet_statue, minmay_temple_entry_trees,
          gup_sewer_entry_glass

Skill      XL: |  1  2  3  4 |
---------------+-------------+-----
Fighting       | 1 2 |  2.4
Shields        | 2 |  2.4
Spellcasting   | 3 |  3.6
Air Magic      | 4 |  4.6
Dodging        | |  1.7
Stealth        | |  1.7
Conjurations   | |  1.0

Action                   |  1- 3 |  4- 6 || total
-------------------------+-------+-------++-------
Melee: Unarmed           |     2 |       ||     2
       Dagger            |    16 |    22 ||    38
       Tailslap          |       |     6 ||     6
 Cast: Shock             |    85 |    66 ||   151
 Stab: Sleeping          |       |     1 ||     1
  Eat: Ration            |     2 |     1 ||     3
Armor: Skin              |     4 |     4 ||     8
Dodge: Dodged            |    16 |    14 ||    30
Block: Buckler           |     1 |     1 ||     2

Table legend:
 A = Non-vault XP
 B = Vault XP
 C = Vault XP percentage of total XP
 D = Non-vault monster count
 E = Vault monster count
 F = Vault count percentage of total count
                 A         B        C        D         E       F
            +---------+---------+-------+---------+---------+-------
      Total |     404 |      34 |   7.8 |      54 |       8 |  12.9
            +---------+---------+-------+---------+---------+-------
        D:1 |      23 |       0 |   0.0 |      13 |       0 |   0.0
        D:2 |      36 |      34 |  48.6 |      19 |       8 |  29.6
        D:3 |      64 |       0 |   0.0 |      18 |       0 |   0.0
        D:4 |     281 |       0 |   0.0 |       4 |       0 |   0.0
            +---------+---------+-------+---------+---------+-------
